 Dungeon Crawl Stone Soup version 0.16.2-12-gd0ad4c3 (webtiles) character file.

298 SlimeFever the Chopper (level 6, -8/66 HPs)
             Began as a Demonspawn Berserker on Mar 2, 2016.
             Was a Believer of Trog.
             Killed by nerve-wracking pain
             ... invoked by an orc priest
              (11 damage)
             ... on level 4 of the Dungeon.
             The game lasted 00:26:53 (3113 turns).

SlimeFever the Chopper (Demonspawn Berserker)       Turns: 3113, Time: 00:26:53

Health: -8/66      AC: 16    Str: 24      XL:     6   Next: 13%
Magic:  0/6        EV: 16    Int:  9      God:    Trog [**....]
Gold:   52         SH:  3    Dex: 14 (17) Spells: 0 memorised, 5 levels left

rFire  . . .     SeeInvis .     a - +1 hand axe
rCold  . . .     Clarity  .     i - +0 scale mail
rNeg   . . .     SustAb   .     s - +0 buckler
rPois  .         Gourm    .     k - +2 helmet
rElec  .         Spirit   +     (no cloak)
rCorr  .         Warding  .     (no gloves)
rMut   .         Stasis   .     r - +0 pair of boots
MR     .....                    (no amulet)
Stlth  ..........               q - ring of invisibility
                                h - +4 ring of protection

@: agile, berserking, very slightly contaminated, very quick, not resistant to
hostile enchantments, extremely unstealthy
A: rugged brown scales 1, frail 1, spit poison 1, magic shield
a: Spit Poison, Burn Spellbooks, Berserk, Trog's Hand, Renounce Religion, Evoke
Invisibility


You were on level 4 of the Dungeon.
You worshipped Trog.
Trog was pleased with you.
You were not hungry.

You visited 1 branch of the dungeon, and saw 4 of its levels.

You collected 52 gold pieces.

Inventory:

Hand weapons
 a - a +1 hand axe (weapon)
 b - a +0 hunting sling
 d - a +0 halberd of chopping
Missiles
 e - 29 arrows
 f - 49 stones (quivered)
Armour
 i - a +0 scale mail (worn)
 k - a +2 helmet (worn)
 l - a +0 animal skin
 r - a +0 pair of boots (worn)
 s - a +0 buckler (worn)
Jewellery
 h - a +4 ring of protection (left hand)
 q - a ring of invisibility (right hand)
Scrolls
 m - a scroll of identify
Potions
 c - a potion of invisibility
 p - a potion of curing
 v - a potion of lignification
Comestibles
 j - a slice of pizza
 n - 3 bread rations


   Skills:
 + Level 4.0 Fighting
 * Level 4.2 Axes
 + Level 0.5 Slings
 + Level 2.8 Armour
 - Level 3.2 Dodging
 + Level 0.8 Stealth


You had 5 spell levels left.
You didn't know any spells.

Dungeon Overview and Level Annotations

Branches:
Dungeon (4/15)
 Temple: D:4-7

Altars:
Elyvilon
Kikubaaqudgha
Okawaru
Vehumet
Xom
Zin
The Shining One


Innate Abilities, Weirdness & Mutations

You are partially covered in rugged brown scales (AC +1, +3% HP).
When hurt, damage is shared between your health and your magic reserves.
You are frail (-10% HP).
You can spit poison.


Message History

Blink to where?
Press: ? - help, Dir - move target cursor You are very lightly contaminated with residual magic.
As you read the scroll of blinking, it crumbles to dust.
It was a potion of agility.
You feel agile all of a sudden.
The orc priest glows brightly for a moment.
It was a potion of mutation.
You feel extremely strange.
You feel frail.
There is a nasty taste in your mouth for a moment.
It was a potion of degeneration.
There was something very wrong with that liquid.
You feel clumsy.
It was a potion of berserk rage.
A red film seems to cover your vision as you go berserk!
You feel yourself moving faster!
You feel mighty!
You feel a strong urge to attack something.
The orc priest invokes the aid of Beogh against you.
Pain shoots through your body!
You die...

#...# ##..## #...........
#..####....## #.).#.⌠.⌠.#..
#...##......## #............
#............###...#.....#..
##..............#...)))_......
##...##..)#..........#.†...#..
)..#####..##
#................. ..##
##..####...olW#.⌠.⌠.#.. ..#
#...###.@.##.......... ..#
##...#...###.#.....#.. ..#
##......## #......... ..##
##^.....## #####....
...#####.......## ###
#...##....).....#
###.....##......##
###..####...#..# #..#
##..###.#


You could see a phantom, an iguana and an orc priest.

Vanquished Creatures
  2 vampire bats (D:2)
  An iguana (D:3)
  An orc priest (D:4)
  An orc wizard (D:3)
  4 gnolls
  An adder (D:3)
  A worm (D:3)
  An adder skeleton (D:4)
  3 giant geckos
  6 orcs
  4 bats
  3 bat skeletons (D:2)
  2 bat zombies (D:2)
  4 giant cockroaches
  7 goblins
  8 hobgoblins
  2 jackals (D:1)
  11 kobolds
  A quokka (D:3)
  3 ball pythons (D:3)
  4 giant newts
  6 rats
76 creatures vanquished.

Notes
Turn   | Place    | Note
--------------------------------------------------------------
     0 | D:1      | SlimeFever, the Demonspawn Berserker, began the quest for the Orb.
     0 | D:1      | Reached XP level 1. HP: 18/18 MP: 1/1
    36 | D:1      | Noticed a centaur
   246 | D:1      | Gained mutation: When hurt, damage is shared between your health and your magic reserves. [demonic ancestry]
   246 | D:1      | Reached XP level 2. HP: 10/24 MP: 2/2
   544 | D:1      | Reached XP level 3. HP: 14/29 MP: 3/3
   942 | D:2      | Found an iron altar of Okawaru.
   990 | D:2      | Found a radiant altar of Vehumet.
  1179 | D:2      | Found an ancient bone altar of Kikubaaqudgha.
  1223 | D:2      | Gained mutation: You are partially covered in rugged brown scales (AC +1, +3% HP). [demonic ancestry]
  1223 | D:2      | Reached XP level 4. HP: 2/37 MP: 1/4
  1744 | D:2      | Reached XP level 5. HP: 39/42 MP: 5/5
  1983 | D:3      | Acquired Trog's second power
  2085 | D:3      | Reached skill level 4 in Axes
  2132 | D:3      | Found a glowing golden altar of the Shining One.
  2132 | D:3      | Found a shimmering altar of Xom.
  2383 | D:3      | Found a glowing silver altar of Zin.
  3085 | D:4      | Found a white marble altar of Elyvilon.
  3090 | D:4      | Noticed a phantom
  3098 | D:4      | Reached XP level 6. HP: 30/49 MP: 3/6
  3106 | D:4      | HP: 1/49 [iguana (5)]
  3109 | D:4      | Gained mutation: You are frail (-10% HP). [potion of mutation]
  3109 | D:4      | Gained mutation: You can spit poison. [potion of mutation]
  3113 | D:4      | Killed from afar by an orc priest

Action                   |  1- 3 |  4- 6 || total
-------------------------+-------+-------++-------
Melee: Hand axe          |   151 |   134 ||   285
 Fire: Hunting sling     |       |     9 ||     9
Invok: Berserk           |       |     1 ||     1
  Use: Scroll            |     5 |     7 ||    12
       Potion            |     1 |     4 ||     5
  Eat: Bread ration      |       |     1 ||     1
       Meat ration       |       |     1 ||     1
